 Dungeon Crawl Stone Soup version 0.24.0-125-gc4c63601f3 (webtiles) character file.

Game seed: 13140301336689236471, levelgen mode: deterministic

251185 nightchill the Spry (level 19, -1/146 HPs)
             Began as a Merfolk Abyssal Knight on Feb 23, 2020.
             Was a Priest of Lugonu.
             Killed from afar by a frost giant (16 damage)
             ... with a bolt of cold
             ... on level 2 of the Depths on Feb 28, 2020.
             The game lasted 04:44:19 (66459 turns).

nightchill the Spry (Merfolk Abyssal Knight)       Turns: 66459, Time: 04:44:20

Health: -1/146     AC: 13    Str: 23      XL:     19   Next: 65%
Magic:  20/32      EV: 25    Int: 14 (15) God:    Lugonu [***...]
Gold:   1765       SH: 16    Dex: 13      Spells: 18/18 levels left

rFire    . . .     SeeInvis .   a - +9 demon trident (vamp)
rCold    . . .     Gourm    .   V - +2 shield
rNeg     . . .     Faith    .   m - +0 swamp dragon scales
rPois    +         Spirit   .   X - +0 helmet
rElec    +         Reflect  .   e - scarf {cloud immunity}
rCorr    .         Harm     .   D - +2 pair of gloves {archery}
MR       +++..                  K - +1 pair of boots "Tuskoul" {rElec Dex+4}
Stlth    +.........             W - amulet of the acrobat
HPRegen  0.00/turn              M - +3 ring of evasion
MPRegen  0.23/turn              Z - ring "Tiexedut" {MR++ Str+4 Int+3 Dex-5}

@: about to teleport
A: change form in water, swift swim, stealthy swim, frail 1, inhibited
regeneration
}: 2/15 runes: decaying, gossamer
a: Depart the Abyss, Bend Space, Banish, Renounce Religion


You were on level 2 of the Depths.
You worshipped Lugonu.
Lugonu was most pleased with you.
You were not hungry.

You visited 7 branches of the dungeon, and saw 35 of its levels.
You visited the Abyss 4 times.
You visited 1 bazaar.
You also visited: Sewer and Bailey.

You collected 3942 gold pieces.
You spent 2177 gold pieces at shops.

Inventory:

Hand Weapons
 a - a +9 vampiric demon trident (weapon)
Missiles
 i - 794 stones (quivered)
 N - 3 throwing nets
Armour
 e - a scarf of cloud immunity (worn)
 m - +0 swamp dragon scales (worn)
 q - the +0 buckler "Wieprera" {rPois}
   (You acquired it on level 1 of the Swamp)

   It protects you from poison.
 D - a +2 pair of gloves of archery (worn)
 K - the +1 pair of boots "Tuskoul" (worn) {rElec Dex+4}
   (You found it on level 2 of the Swamp)

   It affects your dexterity (+4).
   It insulates you from electricity.
 V - a +2 shield (worn)
 X - a +0 helmet (worn)
Magical Staves
 t - an uncursed staff of death
Jewellery
 b - an uncursed ring of wizardry
 o - an uncursed ring of protection from magic
 J - an uncursed ring of positive energy
 M - a +3 ring of evasion (left hand)
 P - an uncursed ring of see invisible
 W - an amulet of the acrobat (around neck)
 Z - the ring "Tiexedut" (right hand) {MR++ Str+4 Int+3 Dex-5}
   (You took it off a goblin in a bailey)

   [ring of intelligence]

   It affects your strength (+4).
   It affects your intelligence (+3).
   It affects your dexterity (-5).
   It affects your resistance to hostile enchantments.
Wands
 p - a wand of polymorph (35)
 z - a wand of digging (14)
 F - a wand of flame (38)
 H - a wand of clouds (4)
 R - a wand of disintegration (15)
 U - a wand of acid (42)
 Y - a wand of enslavement (19)
Scrolls
 g - 8 scrolls of blinking
 r - 6 scrolls of remove curse
 s - 2 scrolls of magic mapping
 u - 7 scrolls of immolation
 w - a scroll of fog
 y - 5 scrolls of fear
 E - 5 scrolls of enchant armour
 L - 9 scrolls of identify
 S - 6 scrolls of teleportation
Potions
 d - 4 potions of brilliance
 f - 2 potions of resistance
 h - a potion of magic
 j - 16 potions of curing
 k - 6 potions of haste
 l - 6 potions of berserk rage
 x - 4 potions of agility
 B - 3 potions of cancellation
 C - 7 potions of flight
 I - 3 potions of might
 Q - a potion of heal wounds
 T - 5 potions of invisibility
Miscellaneous
 v - a phantom mirror
 O - a lightning rod (4/4)
Comestibles
 c - 21 rations


   Skills:
 + Level 18.2 Fighting
 - Level 16.0 Polearms
 - Level 0.6 Armour
 + Level 19.1 Dodging
 * Level 14.9 Shields
 + Level 18.9 Invocations


You had 18 spell levels left.
You didn't know any spells.
Your spell library contained the following spells:

 Spells                   Type           Power        Failure   Level  Hunger
 Confusing Touch          Hex            #.....       43%         1    ##.....
 Corona                   Hex            #......      43%         1    ##.....
 Flame Tongue             Conj/Fire      #....        43%         1    ##.....
 Freeze                   Ice            #...         43%         1    ##.....
 Magic Dart               Conj           #...         43%         1    ##.....
 Blink                    Tloc           N/A          56%         2    ###....
 Call Imp                 Summ           #.......     56%         2    ###....
 Ensorcelled Hibernation  Hex/Ice        #.....       56%         2    ###....
 Searing Ray              Conj           #.....       56%         2    ###....
 Slow                     Hex            #.......     56%         2    ###....
 Sublimation of Blood     Necr           #.........   56%         2    ###....
 Throw Frost              Conj/Ice       #.....       56%         2    ###....
 Confuse                  Hex            #.......     80%         3    ####...
 Conjure Flame            Conj/Fire      #.......     80%         3    ####...
 Dazzling Spray           Conj/Hex       #.....       80%         3    ####...
 Gell's Gravitas          Tloc           #.........   80%         3    ####...
 Ignite Poison            Fire/Tmut/Pois #.......     80%         3    ####...
 Inner Flame              Hex/Fire       #.......     80%         3    ####...
 Mephitic Cloud           Conj/Pois/Air  #.......     80%         3    ####...
 Ozocubu's Armour         Chrm/Ice       #.......     80%         3    ####...
 Portal Projectile        Hex/Tloc       #.....       80%         3    ####...
 Tukima's Dance           Hex            #.......     80%         3    ####...
 Cause Fear               Hex            #.........   99%         4    #####..
 Force Lance              Conj/Tloc      #.......     99%         4    #####..
 Fulminant Prism          Conj/Hex       #.........   99%         4    #####..
 Iskenderun's Mystic Bla  Conj           #.......     99%         4    #####..
 Leda's Liquefaction      Hex/Erth       #.........   99%         4    #####..
 Petrify                  Tmut/Erth      #.......     99%         4    #####..
 Summon Ice Beast         Ice/Summ       #.......     99%         4    #####..
 Throw Icicle             Conj/Ice       #.......     99%         4    #####..
 Alistair's Intoxication  Tmut/Pois      #.......     100%        5    ######.
 Irradiate                Conj/Tmut      #.........   100%        5    ######.
 Metabolic Englaciation   Hex/Ice        #.........   100%        5    ######.
 Yara's Violent Unravell  Hex/Tmut       #.........   100%        5    ######.
 Bolt of Fire             Conj/Fire      #.........   100%        6    #######
 Dragon Form              Tmut           #.........   100%        7    #######
 Dragon's Call            Summ           #.........   100%        9    #######


Dungeon Overview and Level Annotations

Branches:
Dungeon (15/15) Temple (0/1) D:5 Lair (6/6) D:11 Swamp (4/4) Lair:4 Spider (4/4) Lair:2 Slime (0/5) Lair:5 Orc (2/2) D:12 Elf (1/3) Orc:2 Vaults (0/5) D:12 D:13 Depths (3/5) D:15 Sewer (visited) Bailey (visited)

Altars:
Cheibriados
Dithmenos
Elyvilon
Fedhas
Gozag
Kikubaaqudgha
Makhleb
Okawaru
Qazlal
Vehumet
Xom
Yredelemnul
The Shining One
Jiyva

Shops:
D:5 =   D:8 (   D:9 (=   D:12 *   D:14 *   Orc:1 (   Orc:2 !*!!!   Depths:2 ??

Portals:
Hell: Depths:1 Depths:2
Abyss: Depths:2

Annotations:
D:4 exclusions: door and 2 downstairs
D:5 1 runed translucent door, exclusion: 2 downstairs
D:10 exclusion: downstairs
D:12 exclusion: downstairs
D:14 exclusion: downstairs
Lair:2 exclusion: downstairs
Lair:3 !death yak
Lair:5 exclusion: downstairs
Swamp:1 exclusion: downstairs
Swamp:2 !thorn hunter, exclusion: downstairs
Spider:4 4 exclusions
Orc:2 !haven't gone up all stairs
Depths:2 exclusions: 3 doors and 2 downstairs, Jory
Depths:3 Margery, the Enchantress
Abyss:1 Fannar, Snorg


Innate Abilities, Weirdness & Mutations

You revert to your normal form in water.
You are very nimble and swift while swimming.
You are very stealthy in the water. (Stealth+)
You are frail. (-10% HP)
You do not regenerate when monsters are visible.


Message History

The deep troll bites you!! You block the deep troll's attack. x2
The queen bee completely misses you.
The frost giant hits you with a +1 battleaxe of freezing!!
* * * LOW HITPOINT WARNING * * *
The frost giant freezes you!
* * * LOW HITPOINT WARNING * * *
You climb upwards.
Level annotation: exclusions: 3 doors and 2 downstairs, Jory Reactivating autopickup.
There is a stone staircase leading down here.
As you read the scroll of teleportation, it crumbles to dust.
You feel strangely unstable.
The queen bee changes into a harpy!
The deep troll bites you but does no damage.
You block the deep troll's attack. x2; The deep troll misses you.
The deep troll claws you!!
* * * LOW HITPOINT WARNING * * *
The deep troll misses you.
The frost giant gestures at you while chanting.
The bolt of cold hits you!
You die...

...................[(............
...................(>............
...................[.(...........
.................................
.#...........................##..
......###......÷....#.......####.
≈......###..........###....## ##.
≈≈......##.....{H...###....####<.
#≈..............@C...###......∩..
#≈.............CTT..≈≈≈≈≈≈≈......
#≈...................≈...........
#≈.........................####..
#≈..##............[.....≈..###...
≈≈..##.........#.^...............
≈...##.........###.............##
.....#.)[..#....#.......##.....##
..##...[.#####......#...........8


You could see 2 frost giants, 2 deep trolls and a harpy shaped shifter.

Vanquished Creatures
  Nikola (Lair:2)
  Arachne (Abyss:1)
  2 liches
  A thorn hunter (Swamp:4)
  2 tentacled starspawn (Abyss:1)
  2 fire giants (Depths:1)
  9 ghost moths
  6 emperor scorpions
  A spriggan defender (Depths:2)
  4 stone giants
  4 very ugly things
  Nessos (Abyss:1)
  2 vampire knights (Depths:2)
  A spark wasp (Spider:4)
  4 ettins
  6 fire dragons
  3 great orbs of eyes
  A yaktaur captain (Depths:2)
  A rakshasa (Depths:1)
  4 ice dragons
  A catoblepas (D:13)
  3 shambling mangroves
  20 hydras
  A centaur warrior (D:14)
  A dancing weapon (Orc:2)
  8 alligators
  2 spriggan air magi (Depths:3)
  4 two-headed ogres
  2 orc high priests (Orc:2)
  4 death yaks (Lair:3)
  2 deep troll shamans
  4 deep troll earth magi
  Urug (Abyss:1)
  A tengu warrior (Depths:1)
  2 spriggan berserkers (Depths:2)
  A thrashing horror (Abyss:1)
  2 deep elf knights (Orc:2)
  5 shadow wraiths (Depths:2)
  A wretched star (Abyss:1)
  2 unseen horrors (D:13)
  A spriggan druid (Swamp:4)
  A glowing orange brain (Depths:1)
  2 flayed ghosts (Depths:2)
  12 deep trolls
  A phantasmal warrior (Depths:2)
  An orc knight (Abyss:1)
  15 orb spiders
  7 swamp dragons
  A necromancer (Depths:3)
  19 ugly things
  2 deep elf magi (Orc:2)
  30 wolf spiders
  A cyclops (D:13)
  An orc sorcerer (Orc:1)
  3 moths of wrath
  2 manticores
  Maurice (Abyss:1)
  2 centaur zombies (D:15)
  7 black mambas
  2 torpor snails
  3 smoke demons (Abyss:1)
  2 gargoyles
  6 spiny frogs
  A rime drake (Lair:4)
  3 centaur skeletons
  16 demonic crawlers
  A kobold demonologist (D:14)
  3 komodo dragons
  An efreet (Abyss:1)
  8 yaktaurs
  An ancient zyme (Abyss:1)
  2 polar bears (Lair:5)
  9 trolls
  9 tyrant leeches
  24 jumping spiders
  A raiju (Abyss:1)
  14 bog bodies
  28 slime creatures
  16 hornets
  19 blink frogs
  9 hippogriffs
  A meliai zombie (D:10)
  6 dream sheep (Lair:6)
  6 shadows
  48 tarantellas
  4 spriggans
  55 redbacks
  11 wyverns
  7 wraiths
  16 humans
  23 yaks
  Grum (D:8)
  5 hungry ghosts
  A basilisk (shapeshifter) (D:14)
  A steam dragon (Lair:5)
  21 vampire mosquitoes
  6 wargs
  13 swamp worms
  3 insubstantial wisps (Swamp:1)
  2 large abominations (Abyss:1)
  21 water moccasins
  A water moccasin (shapeshifter) (Depths:1)
  4 hell hounds (Abyss:1)
  9 swamp drakes
  38 orc warriors
  6 porcupines
  2 soldier ants
  5 sky beasts
  3 small abominations (Abyss:1)
  4 ice beasts
  4 phantoms
  9 necrophages
  An eye of draining (shapeshifter) (Depths:1)
  8 ogres
  A wolf (D:7)
  10 centaurs
  4 boggarts
  A hornet zombie (D:13)
  7 crocodiles
  Blork the orc (D:6)
  24 bullfrogs
  2 big kobolds
  An elf skeleton (D:4)
  4 earth elementals (Spider:3)
  A wyvern skeleton (D:11)
  5 scorpions
  7 killer bees
  7 wights
  2 vampire bats (Lair:5)
  3 howler monkeys (D:10)
  8 crimson imps
  12 hounds
  A quasit (D:12)
  5 jellies
  40 orc priests
  2 iguanas
  A bullfrog skeleton (D:12)
  A human skeleton (D:4)
  10 worker ants
  25 orc wizards
  A hound skeleton (D:7)
  A howler monkey skeleton (D:8)
  13 gnolls
  8 adders
  6 shadow imps
  A white imp (Depths:2)
  7 oozes
  3 adder skeletons
  A worm (D:3)
  A dart slug (D:3)
  9 leopard geckos
  101 orcs
  9 giant cockroaches
  21 goblins
  20 hobgoblins
  13 jackals
  3 quokkas
  2 ball pythons
  A ball python skeleton (D:5)
  13 bats
  8 frilled lizards
  A goblin zombie (D:5)
  A jackal skeleton (D:5)
  14 kobolds
  An orc zombie (D:4)
  A quokka skeleton (D:5)
  6 rats
  A lurking horror (Abyss:1)
1207 creatures vanquished.

Vanquished Creatures (others)
  A thorn hunter (Swamp:4)
  A ghost moth (Spider:3)
  An orc warlord (Bailey)
  A very ugly thing (Depths:1)
  3 entropy weavers
  2 spark wasps
  A hydra (Swamp:3)
  A shambling mangrove (Swamp:1)
  2 ghost crabs
  A centaur warrior (D:13)
  2 two-headed ogres (D:9)
  2 orc high priests (Orc:2)
  A slime creature (D:12)
  A flayed ghost (Depths:2)
  3 deep elf magi
  3 wolf spiders
  4 orc knights
  2 orc sorcerers (Orc:2)
  9 ugly things
  A guardian serpent (Lair:6)
  A black mamba (Lair:6)
  11 spiny frogs
  A freezing wraith (D:13)
  A jumping spider (Lair:2)
  2 polar bears (Lair:5)
  5 hornets
  3 meliai (D:14)
  A tyrant leech (Swamp:3)
  4 redbacks
  A wraith (D:10)
  A basilisk (Lair:2)
  A porcupine (Lair:1)
  2 swamp drakes (Swamp:3)
  3 orc warriors
  3 wolves
  A crocodile (Sewer)
  A killer bee (D:9)
  An electric eel (Lair:4)
  2 orc priests (D:5)
  A gnoll (D:5)
  An orc (Orc:1)
  A goblin (Bailey)
  4 jackals (D:6)
  A quokka (D:6)
  16 fungi
  27 plants
  4 starspawn tentacles (Abyss:1)
142 creatures vanquished.

Grand Total: 1349 creatures vanquished

Notes
Turn   | Place    | Note
-------+----------+-------------------------------------------
     0 | Abyss:1  | nightchill the Merfolk Abyssal Knight began the quest for
                  | the Orb.
     0 | Abyss:1  | Reached XP level 1. HP: 18/18 MP: 2/2
    21 | D:1      | Escaped the Abyss
   209 | D:1      | Reached XP level 2. HP: 24/24 MP: 3/3
   635 | D:2      | Reached ** piety under Lugonu
   635 | D:2      | Reached XP level 3. HP: 26/29 MP: 4/4
  1136 | D:2      | Found a snail-covered altar of Cheibriados.
  1331 | D:2      | Reached XP level 4. HP: 37/37 MP: 6/6
  1454 | D:2      | Found a burning altar of Makhleb.
  1454 | D:2      | Noticed an Executioner
  1654 | D:2      | You fall into a shaft and drop 1 floor!
  2004 | D:3      | Reached skill level 5 in Polearms
  2925 | D:4      | Reached XP level 5. HP: 34/42 MP: 7/7
  3049 | D:4      | Found a glowing drain.
  3108 | D:4      | Reached *** piety under Lugonu
  3123 | Sewer    | Entered a sewer
  3270 | Sewer    | Noticed a crocodile
  3272 | Sewer    | Banished a crocodile
  3272 | Sewer    | Reached XP level 6. HP: 49/49 MP: 8/8
  3889 | D:4      | Reached XP level 7. HP: 47/55 MP: 10/10
  4265 | D:5      | Entered Level 5 of the Dungeon
  4393 | D:5      | Found Yzufosch's Jewellery Shoppe.
  4602 | D:5      | Reached skill level 5 in Fighting
  4629 | D:5      | Reached skill level 5 in Invocations
  5222 | D:5      | Found an opulent altar of Gozag.
  5513 | D:5      | Found a runed translucent door.
  5513 | D:5      | Noticed a human
  5519 | D:5      | Found a basalt altar of Yredelemnul.
  5602 | D:5      | Found a staircase to the Ecumenical Temple.
  6167 | D:6      | Reached XP level 8. HP: 63/63 MP: 12/12
  6214 | D:6      | HP: 3/63 [jackal (1)]
  6864 | D:6      | Reached skill level 10 in Polearms
  6916 | D:6      | Found a white marble altar of Elyvilon.
  6916 | D:6      | Noticed Blork the orc
  6924 | D:6      | Killed Blork the orc
  7182 | D:7      | Reached XP level 9. HP: 57/70 MP: 14/14
  7403 | D:5      | Bought a +3 ring of evasion for 273 gold pieces
  7790 | D:7      | Reached skill level 3 in Dodging
  8063 | D:7      | Found an opulent altar of Gozag.
  8310 | D:8      | Found Loxuun's Weapon Shoppe.
  8330 | D:8      | Reached **** piety under Lugonu
  8682 | D:8      | Found a blossoming altar of Fedhas.
  8686 | D:8      | Found a stormy altar of Qazlal.
  8876 | D:8      | Found a glowing golden altar of the Shining One.
  8876 | D:8      | Found a shimmering altar of Xom.
  8877 | D:8      | Found a radiant altar of Vehumet.
  8913 | D:8      | Found an iron altar of Okawaru.
  8976 | D:8      | Noticed Grum
  8996 | D:7      | Reached skill level 4 in Dodging
  9263 | D:8      | Killed Grum
  9737 | D:8      | Reached skill level 5 in Dodging
  9747 | D:8      | Reached XP level 10. HP: 23/79 MP: 16/16
 10013 | D:8      | Found a shadowy altar of Dithmenos.
 10048 | D:8      | Noticed a deep elf mage
 10049 | D:8      | Banished a deep elf mage
 10190 | D:9      | Found Uhaick's Jewellery Emporium.
 10733 | D:9      | Reached skill level 6 in Dodging
 11094 | D:9      | Noticed a two-headed ogre
 11097 | D:9      | Banished a two-headed ogre
 11146 | D:9      | Found Plog's Antique Weapon Emporium.
 11571 | D:10     | Entered Level 10 of the Dungeon
 11897 | D:10     | Noticed Snorg
 11899 | D:10     | Banished Snorg
 11899 | D:10     | Reached skill level 7 in Dodging
 12263 | D:10     | Reached XP level 11. HP: 83/87 MP: 18/18
 12850 | D:11     | Noticed a brown ugly thing
 12851 | D:11     | Noticed a white ugly thing
 12858 | D:11     | Banished a brown ugly thing
 12912 | D:10     | Banished a white ugly thing
 13164 | D:9      | Noticed a two-headed ogre
 13167 | D:9      | Banished a two-headed ogre
 13167 | D:9      | Reached skill level 10 in Invocations
 13609 | D:9      | Reached skill level 15 in Polearms
 13768 | D:10     | Reached skill level 8 in Dodging
 14308 | D:11     | Found a staircase to the Lair.
 14409 | D:11     | Found an opulent altar of Gozag.
 14607 | Lair:1   | Entered Level 1 of the Lair of Beasts
 15365 | Lair:1   | Noticed a six-headed hydra
 15376 | Lair:1   | Killed a one-headed hydra
 16101 | Lair:2   | Noticed a five-headed hydra
 16108 | Lair:2   | Killed a one-headed hydra
 16255 | Lair:2   | Reached skill level 9 in Dodging
 16392 | Lair:2   | Noticed a seven-headed hydra
 16402 | Lair:2   | Banished a seven-headed hydra
 16402 | Lair:2   | Reached skill level 10 in Fighting
 16403 | Lair:2   | Reached XP level 12. HP: 81/97 MP: 15/20
 17023 | Lair:2   | Found a hole to the Spider Nest.
 17829 | Lair:3   | Noticed Fannar
 17832 | Lair:3   | Banished Fannar
 17832 | Lair:3   | Reached skill level 10 in Dodging
 18085 | Lair:3   | Noticed a death yak
 18085 | Lair:3   | Noticed a death yak
 18085 | Lair:3   | Noticed a death yak
 18085 | Lair:3   | Noticed a death yak
 18290 | Lair:3   | Noticed Urug
 18291 | Lair:3   | Banished Urug
 18317 | Lair:3   | You fall into a shaft and drop 3 floors!
 18317 | Lair:6   | Entered Level 6 of the Lair of Beasts
 19032 | Lair:3   | Noticed a five-headed hydra
 19042 | Lair:3   | Killed a one-headed hydra
 19828 | Lair:4   | Reached skill level 11 in Dodging
 20556 | Lair:4   | Reached XP level 13. HP: 68/106 MP: 22/22
 20785 | Lair:4   | Found a staircase to the Swamp.
 21145 | Lair:5   | Found a staircase to the Slime Pits.
 21145 | Lair:5   | Found a viscous altar of Jiyva.
 22586 | Lair:5   | Reached skill level 12 in Dodging
 25229 | D:12     | Found Suwi's Assorted Antiques.
 25394 | D:12     | Reached skill level 13 in Dodging
 25397 | D:12     | Reached XP level 14. HP: 105/116 MP: 25/25
 25597 | D:12     | Found a staircase to the Orcish Mines.
 26265 | D:12     | Reached skill level 15 in Invocations
 26770 | D:12     | Noticed Nessos
 26773 | D:12     | Banished Nessos
 26920 | Orc:1    | Entered Level 1 of the Orcish Mines
 27125 | Orc:1    | Noticed Maurice
 27137 | Orc:1    | Banished Maurice
 27855 | Orc:2    | Entered Level 2 of the Orcish Mines
 27855 | Orc:2    | Found Jacrarow's Distillery.
 28982 | Orc:1    | Found Uclauta's Antique Weapon Emporium.
 30323 | Orc:2    | Found Riqiet's Distillery.
 30323 | Orc:2    | Found Gusur's Distillery.
 30323 | Orc:2    | Found Nirub's Assorted Antiques.
 30326 | Orc:2    | Found Daclathru's Distillery.
 30350 | Orc:2    | Found a staircase to the Elven Halls.
 31232 | Orc:2    | Bought 2 potions of heal wounds for 130 gold pieces
 31265 | Orc:2    | Bought a potion of heal wounds for 70 gold pieces
 31265 | Orc:2    | Bought a potion of heal wounds for 70 gold pieces
 31362 | D:12     | Bought a scroll of identify for 56 gold pieces
 31362 | D:12     | Bought a scroll of identify for 56 gold pieces
 31362 | D:12     | Bought 2 scrolls of identify for 112 gold pieces
 31362 | D:12     | Bought a scroll of teleportation for 84 gold pieces
 31365 | D:12     | Identified a scroll of acquirement
 31414 | D:13     | Found a gate to the Vaults.
 31575 | D:12     | Reached skill level 14 in Dodging
 32800 | D:13     | Reached ***** piety under Lugonu
 33775 | D:14     | Found a flagged portal.
 33804 | Bailey   | Entered a bailey
 34181 | Bailey   | Reached XP level 15. HP: 127/127 MP: 17/26
 34258 | Bailey   | Noticed an orc warlord
 34261 | Bailey   | Banished an orc warlord
 34266 | Bailey   | Identified the ring "Tiexedut" {MR++ Str+4 Int+3 Dex-5}
 34460 | D:14     | Reached skill level 15 in Fighting
 34463 | D:14     | Found Gaysch's Blasphemy Boutique.
 34463 | D:14     | Found an ancient bone altar of Kikubaaqudgha.
 34494 | D:14     | Found a flickering gateway to a bazaar.
 34502 | Bazaar   | Entered a bazaar
 34502 | Bazaar   | Found Ysijapn's General Store.
 34502 | Bazaar   | Found Xironita's Antique Weapon Shop.
 34539 | Bazaar   | Found Fauxagh Uputs's Antique Armour Shop.
 34578 | Bazaar   | Bought a scroll of blinking for 60 gold pieces
 34578 | Bazaar   | Bought a scroll of identify for 16 gold pieces
 35210 | D:14     | Bought a +0 vampiric demon trident for 470 gold pieces
 35522 | D:14     | Reached skill level 1 in Shields
 35873 | Orc:2    | Bought a scroll of identify for 44 gold pieces
 36107 | D:15     | Entered Level 15 of the Dungeon
 37375 | D:15     | Reached skill level 15 in Dodging
 37667 | D:15     | Found a staircase to the Depths.
 38258 | Swamp:1  | Entered Level 1 of the Swamp
 39337 | Swamp:1  | Reached skill level 5 in Shields
 40386 | Swamp:2  | Got a pair of translucent boots
 40404 | Swamp:2  | Identified the +1 pair of boots "Tuskoul" {rElec Dex+4}
                  | (You found it on level 2 of the Swamp)
 41204 | Swamp:2  | Noticed a thorn hunter
 41642 | D:14     | Bought a +0 demon trident of venom for 200 gold pieces
 43138 | Swamp:1  | Got a transparent buckler
 43144 | Swamp:1  | Identified the +0 buckler "Wieprera" {rPois} (You acquired
                  | it on level 1 of the Swamp)
 43592 | Swamp:4  | Entered Level 4 of the Swamp
 43602 | Swamp:3  | Reached XP level 16. HP: 136/137 MP: 28/28
 44063 | Swamp:4  | Noticed a thorn hunter
 44415 | Swamp:4  | Noticed a thorn hunter
 44424 | Swamp:4  | Banished a thorn hunter
 44763 | Swamp:4  | Reached skill level 16 in Dodging
 45070 | Swamp:4  | Noticed a thorn hunter
 45370 | Swamp:4  | Killed a thorn hunter
 45624 | Swamp:4  | Got a decaying rune of Zot
 45910 | Spider:1 | Entered Level 1 of the Spider Nest
 45912 | Spider:1 | Noticed Nikola
 46834 | Lair:2   | Killed Nikola
 48613 | Spider:1 | Reached XP level 17. HP: 145/145 MP: 29/29
 48621 | Spider:1 | Reached skill level 10 in Shields
 51092 | Spider:2 | You fall into a shaft and drop 1 floor!
 51094 | Spider:3 | Reached skill level 17 in Dodging
 51688 | Spider:3 | Noticed Arachne
 51714 | Spider:3 | Banished Arachne
 53170 | Spider:4 | Entered Level 4 of the Spider Nest
 55608 | Spider:4 | Reached XP level 18. HP: 154/154 MP: 28/30
 56984 | Spider:4 | Got a gossamer rune of Zot
 57404 | Elf:1    | Entered Level 1 of the Elven Halls
 57862 | Depths:1 | Entered Level 1 of the Depths
 57868 | Depths:1 | Reached skill level 18 in Dodging
 58026 | Depths:1 | Found a gateway to Hell.
 59129 | Depths:1 | Noticed a lich
 59143 | Depths:1 | Killed a lich
 60695 | Depths:2 | Found Sovvoafi's Magic Scroll Boutique.
 60801 | Depths:2 | Bought a scroll of blinking for 135 gold pieces
 60801 | Depths:2 | Bought a scroll of teleportation for 54 gold pieces
 60801 | Depths:2 | Bought a scroll of magic mapping for 63 gold pieces
 60801 | Depths:2 | Bought a scroll of teleportation for 54 gold pieces
 60977 | Depths:2 | Found a one-way gate to the infinite horrors of the Abyss.
 60997 | Depths:2 | Found Dergheid's Magic Scroll Shop.
 61012 | Depths:2 | Bought a scroll of magic mapping for 73 gold pieces
 61012 | Depths:2 | Bought a scroll of enchant weapon for 157 gold pieces
 61112 | Depths:2 | Reached XP level 19. HP: 108/163 MP: 32/32
 62142 | Depths:2 | Paralysed by a vampire knight for 6 turns
 62303 | Depths:2 | Noticed Jory
 62320 | Depths:2 | Identified the +4 falchion "Hihon" {speed, *Contam *Drain
                  | rF++ Dex+9}
 62822 | Depths:2 | Voluntarily entered the Abyss.
 62861 | Abyss:1  | Killed Arachne
 62965 | Abyss:1  | Killed Urug
 63062 | Depths:2 | Escaped the Abyss
 63329 | Depths:2 | Voluntarily entered the Abyss.
 63452 | Abyss:1  | Found a corrupted altar of Lugonu.
 63454 | Abyss:1  | Found a corrupted altar of Lugonu.
 63524 | Abyss:1  | Gained mutation: You do not regenerate when monsters are
                  | visible. [a neqoxec]
 63540 | Depths:2 | Escaped the Abyss
 63676 | Depths:2 | Voluntarily entered the Abyss.
 63694 | Abyss:1  | Killed Nessos
 63753 | Abyss:1  | Killed Maurice
 63830 | Abyss:1  | Gained mutation: You are frail. (-10% HP) [a neqoxec]
 63858 | Depths:2 | Escaped the Abyss
 64047 | Depths:3 | Noticed Margery
 65007 | Depths:3 | Reached skill level 19 in Dodging
 65052 | Depths:3 | Noticed the Enchantress
 65608 | Depths:3 | Noticed a lich
 66459 | Depths:2 | Killed from afar by a frost giant

Levels and vault maps discovered:
D:1:      lemuel_arrival_funnel, layout_basic
D:2:      layout_basic, makhleb_altar_promises_db, lemuel_doored_altar
D:3:      layout_loops_corners
D:4:      layout_cave_pools, nicolae_ossuary_entry_catacombs,
          gup_sewer_entry_glass, serial_column_ruins,
          column_ruins_columns_straight, column_ruins_grid_1,
          column_ruins_grid_3, column_ruins_columns_corner,
          column_ruins_columns_corner
D:5:      layout_cave_pools, overflow_temple_1_default,
          minmay_temple_entry_offerings, first_ration, serial_shops, shop,
          dk_yredelemnul_ordeal
D:6:      layout_cave_pools, elyvilon_altar_4, uniq_blork_the_orc
D:7:      layout_basic, basic_altar
D:8:      layout_basic, grunt_temple_overflow_forces_of_nature,
          old_standard_altar, gammafunk_temple_overflow_claw,
          grunt_dithmenos_smoke, serial_shops, nicolae_shop_behind_doors,
          hangedman_little_slice_of_home, guppyfry_early_elven_hall, uniq_grum
D:9:      layout_gridville, serial_shops, shop, nicolae_shop_behind_doors
D:10:     layout_gridville, serial_bayou_crossing, uniq_snorg
D:11:     layout_rooms, lair_entry_dummy, nicolae_gozag_seed_capital
D:12:     layout_roguey, orc_0_dummy, serial_shops,
          nicolae_shop_overgrown_old_shop, kennysheep_cross_room, uniq_nessos
D:13:     layout_small_grid, david_vaults_3, minmay_microvault
D:14:     layout_loops_cross, bh_walls_and_bars, serial_shops,
          bzr_entry_customers, enter_bailey_6, nicolae_evil_shop
D:15:     grunt_enter_depths_hoard, layout_gridville
Lair:1:   layout_long_grid, minivault_25
Lair:2:   layout_roguey, spider_nest_entry_a, roderic_carrion_pond,
          grunt_megastairs_2
Lair:3:   layout_regular_city, lemuel_fruit_fields, infiniplex_staircase_pool_2,
          minmay_lair_oklob_chamber, uniq_urug, uniq_fannar
Lair:4:   layout_long_grid, minmay_swamp_entry_swarm, worms_lemuel
Lair:5:   layout_gridlike, slime_altar_1, roderic_batcave,
          cheibrodos_lair_lostbears
Lair:6:   hangedman_lair_tendril_chambers, layout_misc_corridors,
          serial_bayou_shore_b
Swamp:1:  layout_falls_marsh, nicolae_swamp_trees_clearing, swamp_pool1,
          nicolae_swamp_orc_logging_accident, infiniplex_staircase_pool
Swamp:2:  layout_basic_swamp, wheals_swamp_sinkhole
Swamp:3:  layout_falls_marsh, evilmike_swamp_ruin_house_1
Swamp:4:  swamp_basic_johnstein, layout_basic_swamp
Spider:1: layout_spider_delve, portal_ice_cave_entry_ugly_swarm, uniq_nikola
Spider:2: layout_chambers
Spider:3: layout_spider_delve, hangedman_stitches_earthworm, uniq_arachne
Spider:4: grunt_spider_rune_parallel, spiders_nest_ghost_moth_duel
Orc:1:    layout_diamond_mine, serial_shops, shop, uniq_maurice
Orc:2:    st_orc_mages, layout_caves, serial_shops, shop
Elf:1:    layout_rooms, minmay_elf_demonology, minmay_shop_grove
Depths:1: layout_cross, hell_entry, minmay_misc_feat_rugged,
          kennysheep_crisscross, hex_large, kennysheep_generic_room_13
Depths:2: due_jory_tower, layout_cave_shapes, abyss_entry_crystal, serial_shops,
          shop_coins, shop, chequers_serial_rivers_micro_e,
          hangedman_coc_ice_floe, infiniplex_staircase_star,
          serial_bayou_shore_b, serial_bayou_shore_b
Depths:3: minmay_the_grid_triangle_9x9_recursive_2_mashed
          [minmay_the_grid_triangle_9x9_prize_insulated,
          minmay_the_grid_triangle_9x9_thin_v,
          minmay_the_grid_triangle_9x9_flanged_cone,
          minmay_the_grid_triangle_9x9_dagger], layout_cave_pools, pan_entry,
          grunt_metal_band, drop_trap, due_unseen_surprise, uniq_enchantress

Skill      XL: |  1  2  3  4  5  6  7  8  9 10 11 12 13 14 15 16 17 18 19 |
---------------+----------------------------------------------------------+-----
Polearms       | 4 5 6 7 8 10 12 14 16 | 16.0
Invocations    | 3 4 6 7 8 9 11 13 14 15 16 17 18 | 18.9
Fighting       | 4 5 6 7 8 10 11 12 14 15 16 17 18 | 18.2
Dodging        | 5 7 9 11 13 14 15 16 17 18 19 | 19.1
Shields        | 6 9 12 13 14 | 14.9
Armour         | |  0.6

Action                   |  1- 3 |  4- 6 |  7- 9 | 10-12 | 13-15 | 16-18 | 19-21 || total
-------------------------+-------+-------+-------+-------+-------+-------+-------++-------
Melee: Spear             |   116 |   242 |    94 |       |       |       |       ||   452
       Dagger            |     2 |     9 |    19 |    12 |     3 |       |       ||    45
       Tailslap          |       |     2 |       |     2 |    17 |    11 |       ||    32
       Halberd           |       |       |   251 |   745 |  1419 |       |       ||  2415
       Demon trident     |       |       |       |       |   818 |  2170 |   503 ||  3491
 Fire: Hunting sling     |       |     3 |       |       |       |       |       ||     3
Throw: Stone             |     1 |       |     6 |     8 |    18 |     3 |     1 ||    37
Invok: Banish            |       |     1 |    10 |    27 |    56 |    37 |     3 ||   134
       Bend Space        |       |       |     1 |       |       |     1 |       ||     2
       Depart the Abyss  |       |       |       |       |       |       |     2 ||     2
Evoke: Wand              |       |       |       |     8 |     4 |     3 |       ||    15
  Use: Scroll            |       |    10 |     3 |    12 |    16 |    17 |     8 ||    66
       Potion            |       |       |       |     3 |     4 |     7 |       ||    14
 Stab: Distracted        |       |       |       |     1 |       |       |       ||     1
       Confused          |       |       |       |       |       |     4 |       ||     4
  Eat: Chunk             |     1 |     5 |    15 |    36 |    59 |    34 |    12 ||   162
       Ration            |       |     1 |     2 |     3 |    10 |     9 |     2 ||    27
Armor: Leather armour    |     1 |       |       |       |       |       |       ||     1
       Ring mail         |    29 |    64 |    82 |   114 |   323 |   339 |       ||   951
       Swamp dragon scal |       |       |       |       |       |    17 |    48 ||    65
Dodge: Dodged            |    64 |   131 |   199 |   629 |  1821 |  2037 |   255 ||  5136
Block: Buckler           |       |       |       |       |    12 |   566 |       ||   578
       Shield            |       |       |       |       |       |   103 |   287 ||   390
